 Dungeon Crawl Stone Soup version 0.23-a0-151-gf6d1ed2 (webtiles) character file.

196 rayofluck the Cudgeler (level 5, -8/30 HPs)
             Began as a Gargoyle Gladiator on Sept 7, 2018.
             Mangled by an ogre
             ... wielding a +0 giant club
              (18 damage)
             ... on level 4 of the Dungeon.
             The game lasted 00:16:14 (3491 turns).

rayofluck the Cudgeler (Gargoyle Gladiator)         Turns: 3491, Time: 00:16:15

Health: -8/30      AC: 13    Str: 17    XL:     5   Next: 75%
Magic:  5/5        EV:  6    Int:  9    God:
Gold:   145        SH:  3    Dex: 12    Spells: 4/4 levels left

rFire    . . .     SeeInvis .   a - +0 whip
rCold    . . .     Gourm    .   j - +0 buckler
rNeg     + . .     Faith    .   k - +0 chain mail
rPois    ∞         Spirit   .   c - +0 helmet
rElec    +         Reflect  .   (no cloak)
rCorr    .         Harm     .   (no gloves)
MR       .....                  (no boots)
Stlth    ..........             (no amulet)
HPRegen  0.10/turn              (no ring)
MPRegen  0.09/turn              (no ring)

@: no status effects
A: negative energy resistance 1, electricity resistance, unbreathing,
petrification resistance, rot immunity, AC +4
a: no special abilities


You were on level 4 of the Dungeon.
You were not hungry.

You visited 1 branch of the dungeon, and saw 4 of its levels.

You collected 145 gold pieces.

Inventory:

Hand Weapons
 a - a +0 whip (weapon)
 b - a +0 hunting sling
Missiles
 d - 54 stones
 e - 2 throwing nets
 n - 35 sling bullets (quivered)
Armour
 c - a +0 helmet (worn)
 j - a +0 buckler (worn)
 k - a +0 chain mail (worn)
Wands
 s - a wand of disintegration (16)
Scrolls
 h - 2 scrolls of amnesia {unknown}
 i - a scroll of teleportation {unknown}
 l - a scroll of magic mapping {unknown}
 m - 3 scrolls of identify {unknown}
 p - 3 scrolls of remove curse {unknown}
Potions
 g - a potion of haste {unknown}
 o - 2 potions of curing {unknown}
 r - a potion of brilliance {unknown}
 t - a potion of heal wounds {unknown}
 u - a potion of lignification {unknown}
Comestibles
 f - 6 rations


   Skills:
 - Level 2.1 Fighting
 + Level 6.2 Maces & Flails
 - Level 1.7 Throwing
 - Level 2.4 Dodging


You had 4 spell levels left.
You didn't know any spells.
Your spell library was empty.

Dungeon Overview and Level Annotations

Branches:
Dungeon (4/15)
 Temple: D:4-7

Altars:


Innate Abilities, Weirdness & Mutations

You are resistant to torment.
Your stone body is resilient. (AC +4)
You are immune to poison.
You resist negative energy. (rN+)
You are resistant to electric shocks. (rElec)
You can survive without breathing.
You are immune to petrification.
You are immune to rotting.


Message History

The ogre is moderately wounded.
The ogre barely misses you.
Your chain mail prevents you from hitting the ogre.
The ogre is moderately wounded.
The ogre hits you with a giant club!
You hit the ogre.
The ogre is moderately wounded.
You hit the ogre but do no damage.
The ogre is moderately wounded.
You block the ogre's attack.
You barely miss the ogre.
The ogre is moderately wounded.
You hit the ogre but do no damage.
The ogre is moderately wounded.
The ogre hits you with a giant club!
You hit the ogre.
The ogre is heavily wounded.
The ogre hits you with a giant club!!
Ouch! That really hurt!
You die...

# .#### #####......
#..@O.# #.##.#####
##### #.# #.##.#
##...# #.# #.##.#
#....# #.#
#.##.########.#..#
#.#
#.##..........#..#
#.#
#.#############..####
#.# #.# #........#
####.######.####
#.######.#


You could see an ogre.

Vanquished Creatures
  A centaur skeleton (D:4)
  Terence (D:3)
  A worker ant (D:4)
  5 adders
  A worm (D:2)
  A dart slug (D:3)
  5 leopard geckos
  2 orcs
  A giant cockroach (D:2)
  11 goblins
  8 hobgoblins
  4 jackals (D:3)
  A quokka (D:4)
  5 bats
  2 frilled lizards (D:1)
  10 kobolds
  5 rats
64 creatures vanquished.

Notes
Turn   | Place    | Note
-------+----------+-------------------------------------------
     0 | D:1      | rayofluck the Gargoyle Gladiator began the quest for the
                  | Orb.
     0 | D:1      | Reached XP level 1. HP: 12/12 MP: 1/1
   296 | D:1      | Reached XP level 2. HP: 17/17 MP: 2/2
  1077 | D:2      | Reached skill level 4 in Maces & Flails
  1094 | D:2      | Reached XP level 3. HP: 20/21 MP: 3/3
  1675 | D:2      | Reached XP level 4. HP: 26/26 MP: 4/4
  1996 | D:3      | Reached skill level 5 in Maces & Flails
  2483 | D:3      | Noticed Terence
  2508 | D:3      | Killed Terence
  2508 | D:3      | Reached XP level 5. HP: 12/30 MP: 5/5
  3246 | D:4      | Reached skill level 6 in Maces & Flails
  3480 | D:4      | Noticed an ogre
  3491 | D:4      | Mangled by an ogre

Vault maps used:
D:1:      ebering_trefoil_twist
D:2:      first_ration
D:3:      uniq_terence
D:4:      bh_walls_and_bars

Skill      XL: |  1  2  3  4  5 |
---------------+----------------+-----
Maces & Flails | 4 5 6 |  6.2
Fighting       | |  2.1
Throwing       | |  1.7
Dodging        | |  2.4

Action                   |  1- 3 |  4- 6 || total
-------------------------+-------+-------++-------
Melee: Flail             |   103 |       ||   103
       Whip              |    30 |   214 ||   244
 Fire: Hunting sling     |    10 |       ||    10
Throw: Throwing net      |     3 |       ||     3
       Javelin           |     8 |       ||     8
  Eat: Chunk             |     3 |     6 ||     9
Armor: Leather armour    |    14 |       ||    14
       Scale mail        |    78 |    18 ||    96
       Chain mail        |       |    85 ||    85
Dodge: Dodged            |    64 |    50 ||   114
Block: Shield            |    20 |    16 ||    36
       Buckler           |       |    18 ||    18

Table legend:
 A = Non-vault XP
 B = Vault XP
 C = Vault XP percentage of total XP
 D = Non-vault monster count
 E = Vault monster count
 F = Vault count percentage of total count
                 A         B        C        D         E       F
            +---------+---------+-------+---------+---------+-------
      Total |     245 |      36 |  12.8 |      63 |       1 |   1.6
            +---------+---------+-------+---------+---------+-------
        D:1 |      25 |       0 |   0.0 |      16 |       0 |   0.0
        D:2 |      72 |       0 |   0.0 |      25 |       0 |   0.0
        D:3 |      56 |      36 |  39.1 |      17 |       1 |   5.6
        D:4 |      92 |       0 |   0.0 |       5 |       0 |   0.0
            +---------+---------+-------+---------+---------+-------
